[Event "*** Biggest EVER Titled Tuesday"]
[Site "Chess.com"]
[Date "2018.04.17"]
[Round "6"]
[White "Alex_Molchanov"]
[Black "Korchmar_Vasiliy"]
[Result "0-1"]
[WhiteElo "2545"]
[BlackElo "2675"]
[TimeControl "180+2"]
[EndTime "14:21:31 PDT"]
[Termination "Korchmar_Vasiliy won by resignation"]

1. d4 Nf6 2. c4 g6 3. Nc3 d5 4. Nf3 Bg7 5. Bg5 dxc4 6. e3 Be6 7. Ne5 Nd5 8. Nxc4 O-O 9. Rc1 c5 10. Be2 cxd4 11. exd4 Nc6 12. Be3 Nxe3 13. fxe3 Rc8 14. b3 b5 15. Nxb5 Qd5 16. Nc3 Qxg2 17. Bf3 Qh3 18.
Qe2 Bxd4 19. Ne4 Bg7 20. Nf2 Qh4 21. Bg4 Bd5 22. O-O Rcd8 23. Bf3 Ne5 24. Bxd5 Rxd5 25.
Nxe5 Bxe5 26. Ng4 Bd6 27. Rc4 Rg5 28. Kh1 Qh5 29. Rf2 f5 30. Qf3 Rxg4 0-1

[Event "*** Biggest EVER Titled Tuesday"]
[Site "Chess.com"]
[Date "2018.04.17"]
[Round "6"]
[White "pulvettd"]
[Black "platy3"]
[Result "1-0"]
[WhiteElo "2546"]
[BlackElo "2668"]
[TimeControl "180+2"]
[EndTime "14:21:35 PDT"]
[Termination "pulvettd won by resignation"]

1. d4 Nf6 2. c4 e6 3. Nf3 d5 4. Nc3 dxc4 5. e4 Bb4 6. Bxc4 Nxe4 7. O-O Nxc3 8. bxc3 Bd6 9. Qe2 Nd7 10. Bd3 O-O 11.
c4 c5 12. Bg5 Qc7 13. Qe4 g6 14. Qh4 cxd4 15. Nxd4 Be5 16. Nb5 Qb6 17. Rae1 Bg7 18.
Be7 Nc5 19. Bc2 Bd7 20. Rb1 Qc6 21. Rfd1 a6 22. Nd4 Qc7 23. Nf3 Rfe8 24. Bxc5 Bc6 25. Bd6 Qa5 26. c5 Qxa2 27. Be4 a5 28. Bxc6 bxc6 29.
Rb7 Qe2 30. Re1 Qa6 31. Rxf7 1-0

[Event "*** Biggest EVER Titled Tuesday"]
[Site "Chess.com"]
[Date "2018.04.17"]
[Round "6"]
[White "DACF2905"]
[Black "PenguinPacks"]
[Result "0-1"]
[WhiteElo "2022"]
[BlackElo "2145"]
[TimeControl "180+2"]
[EndTime "14:21:43 PDT"]
[Termination "PenguinPacks won by resignation"]

1. e4 Nf6 2. e5 Nd5 3. d4 d6 4. exd6 exd6 5. Nf3 Be7 6. c4 Nb6 7.
Nc3 O-O 8. Bd3 Nc6 9. O-O Bg4 10. Be3 Bf6 11. d5 Ne5 12. Be2 Nexc4 13. Qc1 Re8 14.
Bxb6 Nxb6 15. Re1 Bxc3 16. Qxc3 Nxd5 17. Qd4 Nf6 18. h3 Bh5 19. g4 Bg6 20. Nh4 d5 21. Nxg6 hxg6 22. Bf3 c6 23. b4 Qb6 24. Qc3 Ne4 25. Bxe4 Rxe4 26. Rxe4 dxe4 27. Re1 Re8 28. a3 Qb5 29. Re3 Qe5 30. Qd2 f5 31. gxf5 gxf5 32.
Qd7 f4 33. Re1 Re7 34. Qd8+ Kh7 35. Qd1 f3 36. Qd2 Re6 37. Qd8 Rg6+ 38. Kh1 Rg2 39. Qh4+ Kg8 40. Qd8+ Kf7 41. Qd7+ Kg6 0-1

[Event "*** Biggest EVER Titled Tuesday"]
[Site "Chess.com"]
[Date "2018.04.17"]
[Round "6"]
[White "Zhuu96"]
[Black "Zaven_ChessMood"]
[Result "0-1"]
[WhiteElo "2729"]
[BlackElo "2869"]
[TimeControl "180+2"]
[EndTime "14:21:45 PDT"]
[Termination "Zaven_ChessMood won by resignation"]

1. e4 g6 2. d4 Bg7 3. Nf3 d6 4. Bd3 Nf6 5. h3 Nc6 6. d5 Nb4 7. O-O O-O 8. c4 c6 9. Nc3 Nxd3 10. Qxd3 Nd7 11. Bf4 Nc5 12. Qe2 Re8 13. e5 cxd5 14.
cxd5 Bf5 15. Rfd1 Qb6 16. Nd4 Bd3 17. Qe3 Qxb2 18. Rac1 Rac8 19. h4 dxe5 20. Bxe5 Bxe5 21. Qxe5 Nd7 22. Qe3 Rxc3 23. Rxc3 Qxc3 24. Rxd3 Qc5 25. h5 Nf6 26. hxg6 hxg6 27. Nf5 Qxe3 28. Nxe3 Rd8 29. Ra3 a6 30. Rb3 b5 31. a4 bxa4 32. Rb6 Nxd5 33. Nxd5 Rxd5 34. Rxa6 Rd1+ 35. Kh2 Ra1 36.
g4 f6 37. Kg2 a3 38. g5 Kf7 39. gxf6 exf6 40. f3 a2 41. Ra7+ Ke8 42. Ra6 g5 43. Ra5 f5 44. Ra4 f4 45. Ra7 g4 46.
Ra8+ Kd7 47. Ra7+ Kc8 48. fxg4 f3+ 49. Kxf3 Rf1+ 50. Ke4 a1=Q 51. Rxa1 Rxa1 52. Kf5 Kd7 53. Kf6 Rf1+ 54. Kg6 Ke6 55. g5 Rg1 0-1

[Event "*** Biggest EVER Titled Tuesday"]
[Site "Chess.com"]
[Date "2018.04.17"]
[Round "6"]
[White "MartinMatthiesen"]
[Black "ChessTrail"]
[Result "1-0"]
[WhiteElo "2381"]
[BlackElo "2473"]
[TimeControl "180+2"]
[EndTime "14:21:45 PDT"]
[Termination "MartinMatthiesen won on time"]

1. d4 Nf6 2. c4 c5 3. d5 d6 4. Nc3 g6 5. e4 Bg7 6. h3 O-O 7. Nf3 e6 8. Bd3 exd5 9. cxd5 Na6 10.
O-O Re8 11. Re1 Nc7 12. Bf4 a6 13. a4 Rb8 14. Bh2 b5 15. axb5 Nxb5 16. Nxb5 axb5 17.
b4 c4 18. Bc2 Rb6 19. Ra8 Nd7 20. Nd4 Qc7 21. Nc6 Ne5 22. Bxe5 Bxe5 23. Nxe5 Rxe5 24.
Qd4 Rb8 25. Rea1 Re8 26. f4 Bb7 27. R8a7 Ra8 28. e5 dxe5 29. fxe5 Rxa7 30. Rxa7 Qb8 31. d6 Rxe5 32. d7 Re1+ 33. Kf2 1-0

[Event "*** Biggest EVER Titled Tuesday"]
[Site "Chess.com"]
[Date "2018.04.17"]
[Round "6"]
[White "albi1999"]
[Black "kirillshevchenko"]
[Result "0-1"]
[WhiteElo "2392"]
[BlackElo "2356"]
[TimeControl "180+2"]
[EndTime "14:21:47 PDT"]
[Termination "kirillshevchenko won by resignation"]

1. d4 Nf6 2. c4 g6 3. g3 Bg7 4.
Bg2 O-O 5. Nc3 d6 6. Nf3 Nc6 7.
O-O e5 8. dxe5 dxe5 9. Bg5 Be6 10. b3 h6 11. Bxf6 Bxf6 12. Nd5 Bg7 13. Rc1 e4 14. Nd2 f5 15. f3 e3 16. Nb1 Ne7 17. f4 c6 18. Nxe3 Bd4 19. Qd3 Qb6 20. Kf2 Rad8 21. Rfd1 Bb2 22. Qc2 Bxc1 23. Qxc1 Rxd1 24. Qxd1 Rd8 25.
Qc2 Kg7 26. c5 Qb4 27. a3 Qxb3 28. Qxb3 Bxb3 29. Nc3 Kf6 30. h3 b6 31. cxb6 axb6 32. g4 Nd5 33. Nexd5+ Bxd5 34. Nxd5+ cxd5 35. Ke3 Ra8 36.
Bxd5 Rxa3+ 37. Kf2 Rxh3 38. gxf5 0-1

[Event "*** Biggest EVER Titled Tuesday"]
[Site "Chess.com"]
[Date "2018.04.17"]
[Round "6"]
[White "BilodeauA"]
[Black "Konavets"]
[Result "1-0"]
[WhiteElo "2644"]
[BlackElo "2779"]
[TimeControl "180+2"]
[EndTime "14:21:53 PDT"]
[Termination "BilodeauA won by resignation"]

1. e4 c5 2. Nf3 d6 3. d4 cxd4 4. Nxd4 Nf6 5. Nc3 a6 6. Be2 e6 7. O-O Be7 8. f4 O-O 9. a4 Qc7 10. Bf3 Nc6 11. Be3 Bd7 12. Nb3 b6 13. Qd2 Rfd8 14.
Rad1 Bc8 15. g4 Bb7 16. g5 Nd7 17. Bg2 Rac8 18. Rf3 Bf8 19. Rh3 Nc5 20. Qf2 g6 21. Qh4 h5 22. gxh6 Kh7 23. Nd2 Be7 24. Qf2 Nb4 25. Nf3 Nxe4 26. Nxe4 Bxe4 27. Bxb6 Qb7 28. Bxd8 Bxd8 29. Ng5+ Bxg5 30. fxg5 Bxg2 31. Qxg2 Nd5 32. Qf2 Rc4 33. Rxd5 Rg4+ 34. Rg3 Rxg3+ 35.
hxg3 exd5 36. Qf6 1-0

[Event "*** Biggest EVER Titled Tuesday"]
[Site "Chess.com"]
[Date "2018.04.17"]
[Round "6"]
[White "pedromartinez91"]
[Black "Rokis13"]
[Result "0-1"]
[WhiteElo "2399"]
[BlackElo "2431"]
[TimeControl "180+2"]
[EndTime "14:21:57 PDT"]
[Termination "Rokis13 won on time"]

1. d4 d6 2. c4 e5 3. Nc3 Nc6 4. Nf3 Bg4 5. d5 Nce7 6. e4 Ng6 7. h3 Bd7 8. g3 Qc8 9. Bg2 Nf6 10. Nd2 Be7 11.
Nf1 h5 12. h4 a6 13. Ne3 c6 14. Bd2 Ng4 15. Nxg4 Bxg4 16. f3 Bd7 17. Qb3 Rb8 18.
O-O-O c5 19. f4 b5 20. f5 Nf8 21. Bf3 Qc7 22. Be2 b4 23. Nb1 a5 24. Qc2 a4 25.
Qd3 Bf6 26. Bf3 Bc8 27. Qe2 Ba6 28. Bxh5 Rxh5 29. Qxh5 Bxc4 30. g4 Bxa2 31. g5 Bd8 32. g6 f6 33. Qe2 c4 34. h5 c3 35. bxc3 Bxb1 36. Kxb1 bxc3+ 37. Ka1 Qc5 38. Bc1 c2 39.
Bb2 a3 0-1

[Event "*** Biggest EVER Titled Tuesday"]
[Site "Chess.com"]
[Date "2018.04.17"]
[Round "6"]
[White "Vamostodorecto"]
[Black "Manukyan_Artak"]
[Result "0-1"]
[WhiteElo "2361"]
[BlackElo "2357"]
[TimeControl "180+2"]
[EndTime "14:21:59 PDT"]
[Termination "Manukyan_Artak won by checkmate"]

1. d4 d6 2. c4 g6 3. e4 Bg7 4.
Nc3 e5 5. Nf3 exd4 6. Nxd4 Ne7 7. Be3 Nbc6 8. Qd2 O-O 9. Be2 Nxd4 10. Bxd4 Bxd4 11. Qxd4 Nc6 12. Qd2 Be6 13. h4 Qf6 14. h5 Qd4 15. Qh6 Qg7 16. hxg6 hxg6 17. Qh4 Nd4 18.
Bd3 c6 19. Rh2 b5 20. cxb5 cxb5 21. Kd2 b4 22. Rah1 bxc3+ 23. bxc3 Nc6 24. Qf4 Ne5 25. Rh6 Rfc8 26. Qh2 Kf8 27. Qh4 g5 28. Qh5 Ke7 29. Rh7 Qf6 30. f3 Nxd3 31. Kxd3 Rxc3+ 32. Kd2 Rac8 33.
Rh6 Rc2+ 34. Kd1 Qa1# 0-1

[Event "*** Biggest EVER Titled Tuesday"]
[Site "Chess.com"]
[Date "2018.04.17"]
[Round "6"]
[White "Mimsychess"]
[Black "grzechu96"]
[Result "0-1"]
[WhiteElo "2307"]
[BlackElo "2461"]
[TimeControl "180+2"]
[EndTime "14:22:00 PDT"]
[Termination "grzechu96 won on time"]

1. e4 c5 2. Nf3 d6 3. Bb5+ Nd7 4. O-O a6 5. Bd3 Ngf6 6. Re1 e6 7. c3 b5 8. a4 c4 9. Bc2 Bb7 10. axb5 axb5 11.
Rxa8 Qxa8 12. Na3 Bc6 13. Nd4 Bxe4 14. Bxe4 Nxe4 15. Ndxb5 Qb7 16. Qf3 d5 17. d3 Ne5 18.
Qd1 Nxd3 19. Qa4 Qc6 20. Rxe4 dxe4 21. Nxc4 Bc5 22. Nbd6+ Kd7 23. Nb5 Rb8 0-1

[Event "*** Biggest EVER Titled Tuesday"]
[Site "Chess.com"]
[Date "2018.04.17"]
[Round "6"]
[White "LyonBeast"]
[Black "KenanGarayev"]
[Result "1-0"]
[WhiteElo "2842"]
[BlackElo "2565"]
[TimeControl "180+2"]
[EndTime "14:22:01 PDT"]
[Termination "LyonBeast won by resignation"]

1. e4 e6 2. d4 d5 3. Nc3 Nf6 4. e5 Nfd7 5. f4 c5 6. Nf3 Nc6 7. Be3 a6 8. Ne2 b5 9. c3 c4 10.
g4 Nb6 11. Ng3 b4 12. Bh3 Be7 13. f5 exf5 14. gxf5 bxc3 15. bxc3 O-O 16. Rb1 f6 17. O-O Ra7 18. Qc2 Rb7 19. Kh1 Na7 20. Nh5 Qe8 21.
Nf4 Nb5 22. Rg1 Kh8 23. a4 Nxa4 24. Qxa4 Nxc3 25. Qxe8 Rxe8 26. Rbc1 Rb3 27. Nd2 Ra3 28. Bf2 a5 29. Rg3 Bb4 30. e6 a4 31. Bg2 Ra2 32.
Be1 Bd6 33. Rgxc3 Bxf4 34. R3c2 Rxc2 35. Rxc2 g6 36. Bxd5 gxf5 37. Nxc4 Bxe6 38. Bxe6 Rxe6 39. Bc3 1-0

[Event "*** Biggest EVER Titled Tuesday"]
[Site "Chess.com"]
[Date "2018.04.17"]
[Round "6"]
[White "Aikiigm"]
[Black "Fablibi"]
[Result "0-1"]
[WhiteElo "2438"]
[BlackElo "2539"]
[TimeControl "180+2"]
[EndTime "14:22:01 PDT"]
[Termination "Fablibi won by checkmate"]

1. Nf3 g6 2. b3 Bg7 3. Nc3 c5 4. Bb2 Nc6 5. e3 d5 6. Bb5 Bd7 7. d4 cxd4 8. exd4 Nf6 9. O-O O-O 10. h3 Rc8 11. Bxc6 Bxc6 12. Ne5 Nd7 13. f4 Nxe5 14. fxe5 f6 15. Ne2 Bb5 16. a4 Bxe2 17. Qxe2 fxe5 18. dxe5 Qc7 19. Rxf8+ Rxf8 20. Bd4 a6 21. c3 Qc8 22. Re1 Qe6 23. Qe3 h5 24. Qd3 Rf5 25. Qg3 Kh7 26. Kh1 Bh6 27. Qd3 Bf4 28. Qe2 Bg3 29. Rf1 Qf7 30. Rf3 Rxf3 31.
gxf3 Qf5 32. Kg2 Bf4 33. e6 Qg5+ 34. Kh1 Qg3 35. Qf1 g5 36. c4 dxc4 37. bxc4 Kg8 38. Bc3 Qh2# 0-1

[Event "*** Biggest EVER Titled Tuesday"]
[Site "Chess.com"]
[Date "2018.04.17"]
[Round "6"]
[White "hblanco"]
[Black "RojonR"]
[Result "0-1"]
[WhiteElo "2310"]
[BlackElo "2402"]
[TimeControl "180+2"]
[EndTime "14:22:03 PDT"]
[Termination "RojonR won by resignation"]

1. e4 c5 2. Nc3 Nc6 3. f4 d6 4.
Nf3 g6 5. Bb5 Bg7 6. O-O Bd7 7.
Bxc6 Bxc6 8. d3 b5 9. Be3 b4 10. Ne2 Bxb2 11. e5 Bxa1 12. Qxa1 f6 13. d4 c4 14. f5 Be4 15. Ng3 Bxc2 16. fxg6 hxg6 17. exf6 Nxf6 18. Ng5 Qd7 19. Qc1 b3 20. axb3 cxb3 21. Qb2 a5 22. d5 a4 23. Ne6 a3 24. Qd4 b2 25. Ng7+ Kf7 26. Rxf6+ exf6 0-1

[Event "*** Biggest EVER Titled Tuesday"]
[Site "Chess.com"]
[Date "2018.04.17"]
[Round "6"]
[White "Winehouse83"]
[Black "SilverCat1992"]
[Result "1-0"]
[WhiteElo "2339"]
[BlackElo "2057"]
[TimeControl "180+2"]
[EndTime "14:22:05 PDT"]
[Termination "Winehouse83 won by resignation"]

1. e4 d6 2. d4 g6 3. Nc3 Bg7 4. Be3 a6 5. Qd2 b5 6. f3 Nd7 7. h4 h5 8. O-O-O c6 9. Kb1 Qc7 10. Nh3 Rb8 11. Ng5 Nb6 12. e5 d5 13. e6 f5 14. Bf4 Qb7 15. Bxb8 Qxb8 16. g4 fxg4 17.
Bd3 Nc4 18. Bxg6+ Kd8 19. Nf7+ Kc7 20. Qf4+ Kb7 21. Qxb8+ Kxb8 22. Nxh8 Bxh8 23. Bxh5 Nf6 24. Bxg4 Nxg4 25. fxg4 Bxe6 26. g5 Bf5 27. h5 Ne3 28.
Rd2 b4 29. Nd1 Nc4 30. Rf2 e6 31. Rxf5 exf5 32. g6 Bxd4 33. h6 a5 34. g7 a4 35.
g8=Q+ Kb7 36. Qf7+ Kb6 37. Rh3 a3 38. bxa3 bxa3 39. Rb3+ Kc5 40. Qa7+ Kd6 41. Qxd4 1-0

[Event "*** Biggest EVER Titled Tuesday"]
[Site "Chess.com"]
[Date "2018.04.17"]
[Round "6"]
[White "Diwi89"]
[Black "ehrenfeld"]
[Result "1-0"]
[WhiteElo "2736"]
[BlackElo "2477"]
[TimeControl "180+2"]
[EndTime "14:22:07 PDT"]
[Termination "Diwi89 won on time"]

1. e4 e5 2. Nc3 Nf6 3. f4 d5 4.
fxe5 Nxe4 5. Qf3 Nxc3 6. dxc3 Be6 7.
Bf4 c6 8. O-O-O Qa5 9. Kb1 Nd7 10. Ne2 Be7 11. Nd4 Nf8 12. Qg3 Ng6 13. Bg5 Bxg5 14. Qxg5 Qd8 15. Qg3 Qe7 16. Bd3 O-O-O 17. Rhf1 Rhf8 18. Rf2 Qh4 19. Qe3 Nxe5 20. Nxe6 Nxd3 21.
cxd3 fxe6 22. Qxe6+ Kc7 23. Qe5+ Kb6 24. g3 Qg4 25. Rfd2 Rde8 26. Qd6 Qe6 27. Qa3 a6 28. d4 Qe7 29. Qb3+ Ka7 30. Qc2 g6 31. a3 Rf3 32.
Ka2 Qe4 33. Qb3 Ref8 34. Qb4 Rf2 35. a4 Rxd2 36. Rxd2 Rf1 37. Kb3 Qe6 38. a5 Qg4 39. Qc5+ Ka8 40. Qe7 Qf5 41. Re2 1-0

[Event "*** Biggest EVER Titled Tuesday"]
[Site "Chess.com"]
[Date "2018.04.17"]
[Round "6"]
[White "Iball95"]
[Black "Illingworth"]
[Result "1-0"]
[WhiteElo "2559"]
[BlackElo "2708"]
[TimeControl "180+2"]
[EndTime "14:22:07 PDT"]
[Termination "Iball95 won by resignation"]

1. d4 d5 2. Bf4 c5 3. e3 Nf6 4. c3 e6 5. Nd2 Bd6 6. Bg3 O-O 7. Bd3 Qc7 8. f4 b6 9. Qe2 Bb7 10.
Ngf3 Ne4 11. O-O Nd7 12. Bh4 f5 13. Ne5 Bxe5 14. fxe5 a5 15. Bb5 Nxd2 16. Qxd2 Ba6 17. Bxa6 Rxa6 18. Be7 Rf7 19. Bd6 Qd8 20. a4 Ra8 21.
Rf3 h5 22. Rh3 Qg5 23. Qf2 Kh7 24. Rf1 Rg8 25. Kh1 c4 26. g4 Qxg4 27. Rh4 Qg5 28. Rg1 Qh6 29. Qf3 g6 30. e4 dxe4 31. Rxe4 g5 32. Re2 g4 33. Qc6 f4 34. Qxc4 f3 35. Rf2 Rg6 36. d5 exd5 37. Qxd5 Qg5 38. Qxf7+ Rg7 39. Qd5 Qf5 40. Qd2 h4 41. Qe3 Nc5 42.
Bxc5 bxc5 43. e6 Re7 44. Re1 g3 45. Rxf3 Qh3 46. Qe4+ Kh8 47. Qe5+ Kh7 48. Qh5+ 1-0

[Event "*** Biggest EVER Titled Tuesday"]
[Site "Chess.com"]
[Date "2018.04.17"]
[Round "6"]
[White "GM_dmitrij"]
[Black "ArnaudovP"]
[Result "0-1"]
[WhiteElo "2640"]
[BlackElo "2485"]
[TimeControl "180+2"]
[EndTime "14:22:08 PDT"]
[Termination "ArnaudovP won by checkmate"]

1. e4 e5 2. Nf3 Nc6 3. Bc4 Bc5 4. c3 Nf6 5. d3 O-O 6. O-O d5 7. exd5 Nxd5 8. a4 a5 9. Nbd2 Bg4 10. h3 Bh5 11. Ne4 Be7 12. Re1 Kh8 13. Ng3 Bg6 14.
Bb5 f6 15. d4 exd4 16. Bxc6 bxc6 17. Nxd4 Qd7 18. Ne6 Rfe8 19. c4 Bb4 20. cxd5 Bxe1 21. Bf4 Rac8 22. Rc1 cxd5 23. Nxc7 Re7 24. Nxd5 Rxc1 25.
Bxc1 Bb4 26. Nf1 Re1 27. Qf3 Be4 28. Nxf6 Bxf3 29. Nxd7 Be2 30. Be3 Rxf1+ 31. Kh2 Bd6+ 32. g3 Bf3 33. Nb6 Bc7 34. Nc4 Rh1# 0-1

[Event "*** Biggest EVER Titled Tuesday"]
[Site "Chess.com"]
[Date "2018.04.17"]
[Round "6"]
[White "Vugar_Manafov"]
[Black "Quiet_Desperation"]
[Result "1-0"]
[WhiteElo "2317"]
[BlackElo "2399"]
[TimeControl "180+2"]
[EndTime "14:22:08 PDT"]
[Termination "Vugar_Manafov won by resignation"]

1. Nf3 Nf6 2. g3 e6 3. Bg2 b6 4.
O-O Bb7 5. d3 Be7 6. Nc3 O-O 7.
e4 d5 8. Qe2 Re8 9. Rd1 Nbd7 10. e5 Ng4 11. h3 Nh6 12. Bxh6 gxh6 13. Qd2 Kg7 14. Qf4 Nf8 15. h4 Ng6 16. Qg4 Kh8 17. h5 Nf8 18. Ne2 Bg5 19. Nf4 Qe7 20. Nh3 Nd7 21.
Nfxg5 hxg5 22. Qxg5 f6 23. exf6 Nxf6 24. Re1 Qg7 25. Qe5 Ng4 26. Qxg7+ Kxg7 27. Nf4 Kf6 28. Bh3 e5 29. Nxd5+ Bxd5 30. Bxg4 Kg5 31. Bd7 Re7 32. f4+ Kxh5 33. Rxe5+ Rxe5 34. fxe5 Kg5 35. e6 Kf6 36. Rf1+ Ke7 37. Rf7+ Kd6 38. Rxh7 Rg8 39. Kh2 Rf8 40. Kg1 Rg8 41. Kf2 Rf8+ 42. Ke2 Rg8 43. Ba4 Rxg3 44. e7 1-0

[Event "*** Biggest EVER Titled Tuesday"]
[Site "Chess.com"]
[Date "2018.04.17"]
[Round "6"]
[White "IMRosen"]
[Black "SergeiAza"]
[Result "0-1"]
[WhiteElo "2394"]
[BlackElo "2635"]
[TimeControl "180+2"]
[EndTime "14:22:09 PDT"]
[Termination "SergeiAza won by checkmate"]

1. d4 Nf6 2. Bf4 g6 3. Nc3 d5 4. e3 Bg7 5. h4 c5 6. Nb5 Na6 7.
c3 O-O 8. h5 Nxh5 9. Rxh5 gxh5 10. Qxh5 c4 11. b3 Qb6 12. bxc4 dxc4 13. Bxc4 Qg6 14.
Qh2 Bd7 15. Rd1 Rac8 16. Bd3 Bf5 17. Be2 Rfd8 18. Nf3 Bf6 19. Nh4 Bxh4 20. Qxh4 Qxg2 21. Kd2 Bg6 22. Qxe7 Nc5 23. Be5 Ne4+ 24. Kc1 Qxf2 25. Bd3 Nxc3 26. Rd2 Nxa2+ 27. Kd1 Rc1# 0-1

[Event "*** Biggest EVER Titled Tuesday"]
[Site "Chess.com"]
[Date "2018.04.17"]
[Round "6"]
[White "Arm-Akiba"]
[Black "Infernal_XaM"]
[Result "1/2-1/2"]
[WhiteElo "2676"]
[BlackElo "2737"]
[TimeControl "180+2"]
[EndTime "14:22:13 PDT"]
[Termination "Game drawn by agreement"]

1. d4 Nf6 2. Nf3 b6 3. c4 e6 4. g3 Bb7 5. Bg2 Be7 6. O-O O-O 7. Nc3 Ne4 8. Bd2 c5 9. d5 exd5 10. cxd5 Nxd2 11. Nxd2 d6 12. Nc4 Nd7 13. e4 a6 14. e5 b5 15. Nxd6 Bxd6 16. exd6 Nf6 17. a4 b4 18. Ne4 Nxe4 19. Bxe4 Qxd6 20. Qc2 g6 21. Rad1 a5 22. Rfe1 Rfe8 23. Bg2 Ba6 24. Bf1 Rxe1 25. Rxe1 Bxf1 26. Rxf1 Qxd5 27. Rd1 Qc6 28. b3 Re8 29. Qc4 Re4 30. Qb5 Qxb5 31. axb5 a4 32. bxa4 b3 33. a5 Rb4 34. a6 b2 35. a7 Ra4 36. Rb1 Rxa7 37. Rxb2 c4 38. Rc2 Rb7 39. Rxc4 Rxb5 40. h4 1/2-1/2

[Event "*** Biggest EVER Titled Tuesday"]
[Site "Chess.com"]
[Date "2018.04.17"]
[Round "6"]
[White "KRASAVCHIK2002"]
[Black "Buffy7"]
[Result "1-0"]
[WhiteElo "2018"]
[BlackElo "2708"]
[TimeControl "180+2"]
[EndTime "14:22:13 PDT"]
[Termination "KRASAVCHIK2002 won by resignation"]

1. e4 e6 2. d4 d5 3. Nc3 Bb4 4. exd5 exd5 5. Bd3 Nc6 6. a3 Ba5 7. Ne2 Nge7 8. O-O Bg4 9. f3 Bf5 10. Na4 Bb6 11. Re1 O-O 12. c3 Qd7 13. Nxb6 axb6 14. Nf4 Rfe8 15. Bxf5 Qxf5 16. Qd3 Qxd3 17. Nxd3 Nd8 18.
Bf4 Ne6 19. Bg3 c6 20. Re2 Ng6 21. Rae1 Rec8 22. Ne5 Nxe5 23. Bxe5 Re8 24. g4 b5 25.
h4 h6 26. f4 Nd8 27. f5 f6 28. Bf4 Rxe2 29. Rxe2 Nf7 30. Re7 b6 31. Kf2 c5 32.
dxc5 bxc5 33. Rb7 b4 34. cxb4 c4 35. b5 Re8 36. b6 Re4 37. Rxf7 Kxf7 38. b7 Rxf4+ 39.
Kg3 1-0

[Event "*** Biggest EVER Titled Tuesday"]
[Site "Chess.com"]
[Date "2018.04.17"]
[Round "6"]
[White "djano"]
[Black "SenseiJulio"]
[Result "0-1"]
[WhiteElo "2462"]
[BlackElo "2627"]
[TimeControl "180+2"]
[EndTime "14:22:15 PDT"]
[Termination "SenseiJulio won by resignation"]

1. c4 e5 2. Nc3 d6 3. g3 f5 4. Bg2 Be7 5. e3 Nf6 6. Nge2 c6 7.
d4 O-O 8. O-O Na6 9. Rb1 e4 10.
b4 d5 11. b5 Nb4 12. bxc6 bxc6 13. Qa4 a5 14. a3 Nd3 15. Qxc6 Bd7 16. Qb7 dxc4 17.
Nd5 Bd6 18. Nxf6+ Rxf6 19. Nf4 Bxf4 20. exf4 Bc6 21. Qb6 Qxb6 22. Rxb6 c3 23. Rb3 c2 24. Rc3 Ba4 25. Rxd3 exd3 26. Bxa8 Rb6 27. Be3 Bb3 28. f3 Re6 29. Kf2 Bc4 30. a4 d2 31. Bxd2 Re2+ 32. Kg1 Rxd2 33. Re1 Rd1 0-1

[Event "*** Biggest EVER Titled Tuesday"]
[Site "Chess.com"]
[Date "2018.04.17"]
[Round "6"]
[White "vuqaresedli"]
[Black "Martins-BR"]
[Result "1-0"]
[WhiteElo "2352"]
[BlackElo "2229"]
[TimeControl "180+2"]
[EndTime "14:22:16 PDT"]
[Termination "vuqaresedli won by resignation"]

1. e4 c5 2. Nf3 e6 3. Nc3 Nc6 4.
g3 a6 5. Bg2 b5 6. O-O Bb7 7.
d3 d6 8. a4 b4 9. Ne2 e5 10. b3 h6 11. Nd2 g6 12. Bb2 Bg7 13.
f4 Nge7 14. f5 f6 15. fxg6 Nxg6 16. Nc4 Qc7 17. Ne3 Nge7 18. Bh3 Bc8 19. Bxc8 Qxc8 20. g4 h5 21. Ng3 hxg4 22. Qxg4 Qxg4 23. Nxg4 O-O-O 24. Nxf6 Bxf6 25. Rxf6 Rh7 26. Raf1 Kd7 27. Rf7 Rdh8 28.
Rxh7 Rxh7 29. Kg2 Ng6 30. Bc1 Nd4 31. Rf2 Nf4+ 32. Bxf4 exf4 33. Nf5 Ne6 34. h4 Rh5 35. Kf3 Rh8 36. Rh2 d5 37. exd5 Nc7 38. d6 Nd5 39. h5 Ke6 40. Ne7 Nf6 41. h6 Kxd6 42. Ng6 Rh7 43. Kxf4 Nd5+ 44. Kg5 Ne3 45. Re2 Nd5 46.
Ne5 Nc3 47. Nc4+ Kd7 48. Rh2 Nd5 49. Kg6 Rh8 50. h7 1-0

[Event "*** Biggest EVER Titled Tuesday"]
[Site "Chess.com"]
[Date "2018.04.17"]
[Round "6"]
[White "Blitzking4444"]
[Black "SelfishShellfish"]
[Result "1-0"]
[WhiteElo "1984"]
[BlackElo "2173"]
[TimeControl "180+2"]
[EndTime "14:22:16 PDT"]
[Termination "Blitzking4444 won on time"]

1. e4 Nc6 2. Nf3 d6 3. d4 Nf6 4.
Nc3 g6 5. d5 Nb8 6. Bb5+ c6 7.
dxc6 bxc6 8. Ba4 e5 9. Bg5 Bg7 10. Qd2 O-O 11. O-O-O Qa5 12. Bxf6 Bxf6 13. Qxd6 Bg7 14.
h4 Bg4 15. h5 Bxh5 16. Rh4 Na6 17. g4 Nc5 18. Bxc6 Rad8 19. Qe7 Bh6+ 20. Kb1 Rxd1+ 21.
Nxd1 Rd8 22. Bd5 Rxd5 23. exd5 Na4 24. d6 Qd5 25. Qe8+ Kg7 26. Qxe5+ Qxe5 27. Nxe5 1-0

[Event "*** Biggest EVER Titled Tuesday"]
[Site "Chess.com"]
[Date "2018.04.17"]
[Round "6"]
[White "GMAkobianSTL"]
[Black "nubair1198"]
[Result "1-0"]
[WhiteElo "2641"]
[BlackElo "2529"]
[TimeControl "180+2"]
[EndTime "14:22:18 PDT"]
[Termination "GMAkobianSTL won by resignation"]

1. d4 d5 2. c4 c6 3. cxd5 cxd5 4. Nf3 Nf6 5. Nc3 Nc6 6. Bf4 Ne4 7. e3 Nxc3 8. bxc3 e6 9. Bd3 Bd6 10. O-O O-O 11. Re1 b6 12. Bg5 Qc7 13. e4 dxe4 14.
Rxe4 h6 15. Bxh6 gxh6 16. Rf4 Kh8 17. Rh4 f5 18. Qd2 Rf6 19. Rxh6+ Rxh6 20. Qxh6+ Qh7 21. Qg5 Bd7 22. Qf6+ Qg7 23. Qh4+ Qh7 24. Qf6+ Kg8 25. Bc4 Qf7 26. Qg5+ Kh8 27. Re1 Re8 28. g3 Qg7 29.
Qh5+ Qh7 30. Qg5 Qg7 31. Qd2 f4 32. Re4 Qg4 33. Ne5 Bxe5 34. dxe5 Nxe5 35. Qd4 Bc6 36. Rxe5 Kg8 37. Qd6 Qf3 38. Bxe6+ Kg7 39. Rg5+ Kh6 40.
Bd5+ Kxg5 41. Bxf3 Re1+ 42. Kg2 Bxf3+ 43. Kxf3 fxg3 44.
hxg3 1-0

[Event "*** Biggest EVER Titled Tuesday"]
[Site "Chess.com"]
[Date "2018.04.17"]
[Round "6"]
[White "gmtalentoso"]
[Black "itisabigworld"]
[Result "0-1"]
[WhiteElo "2141"]
[BlackElo "2247"]
[TimeControl "180+2"]
[EndTime "14:22:19 PDT"]
[Termination "itisabigworld won by resignation"]

1. e4 d6 2. d4 Nf6 3. Nc3 g6 4. Bg5 Bg7 5. Qd2 c6 6. f4 Nbd7 7. Nf3 Qc7 8. Bd3 e5 9. Bxf6 Bxf6 10. fxe5 dxe5 11. d5 O-O 12. O-O Bg7 13. Kh1 Nb6 14. a4 cxd5 15. exd5 Qd6 16. a5 Nd7 17. Bc4 a6 18.
Ne4 Qc7 19. b3 Nc5 20. Nfg5 Nxe4 21. Nxe4 Bf5 22. Ng5 h6 23. d6 Qd7 24. Nxf7 Rxf7 25. Qd5 Rf8 26. g4 Kh7 27. gxf5 gxf5 28. Rg1 Rf6 29.
Rad1 Rd8 30. Qxe5 Rg6 31. Qd5 Rxd6 32. Rxg7+ Qxg7 33. Qxf5+ Qg6 34. Rxd6 Qxf5 35. Rxd8 Qe4+ 36. Kg1 Qg4+ 37. Kf1 Qf5+ 38. Ke1 Qxa5+ 39. Kd1 Qxd8+ 0-1

[Event "*** Biggest EVER Titled Tuesday"]
[Site "Chess.com"]
[Date "2018.04.17"]
[Round "6"]
[White "Indianlad"]
[Black "Tash_Boy"]
[Result "0-1"]
[WhiteElo "2673"]
[BlackElo "2541"]
[TimeControl "180+2"]
[EndTime "14:22:20 PDT"]
[Termination "Tash_Boy won by resignation"]

1. d4 Nf6 2. Nc3 d5 3. Bf4 Bf5 4. f3 e6 5. g4 Bg6 6. h4 h6 7. h5 Bh7 8. e3 c6 9. Bd3 Nbd7 10.
Bxh7 Nxh7 11. Nge2 Qb6 12. Qd3 c5 13. a4 c4 14. Qd2 Bb4 15. Kf2 O-O 16. Kg2 f5 17.
gxf5 Rxf5 18. Ng3 Rf7 19. Rh4 Kh8 20. Rg1 Raf8 21. Kh1 Be7 22. Rg4 Bg5 23. Bxg5 Nxg5 24. f4 Nf3 25. Qg2 Nxg1 26. Nd1 Qc6 27. Qxg1 Qxa4 28. c3 Qc2 29. Nf2 e5 30. Nh3 exd4 31. f5 Ne5 32. Rf4 d3 33. Rf1 d2 34. Nf4 Rxf5 35.
Nxf5 Qxf5 36. Ng6+ Nxg6 37. Rxf5 Rxf5 38. Qd1 Ne5 39.
Qxd2 Rxh5+ 40. Kg2 Rh2+ 0-1